 Dungeon Crawl Stone Soup version 0.23.2-1-ga50397a (webtiles) character file.

Game seed: 8435520593615230457

33833 kae the Martial Artist (level 13, -3/114 HPs)
             Began as a Yellow Draconian Transmuter on May 16, 2019.
             Was a High Priest of Makhleb.
             Slain by a dire elephant (19 damage)
             ... on level 6 of the Lair of Beasts.
             The game lasted 00:27:14 (21139 turns).

kae the Martial Artist (DrTm)                      Turns: 21139, Time: 00:27:15

Health: -3/114     AC:  9    Str: 13    XL:     13   Next: 38%
Magic:  23/26      EV: 12    Int: 15    God:    Makhleb [*****.]
Gold:   1363       SH:  0    Dex: 18    Spells: 19/30 levels left

rFire    . . .     SeeInvis .     - Unarmed
rCold    . . .     Gourm    .   (shield currently unavailable)
rNeg     . . .     Faith    .   (armour unavailable)
rPois    +         Spirit   .   (helmet restricted)
rElec    .         Reflect  .   s - +0 cloak
rCorr    +         Harm     .   (gloves currently unavailable)
MR       .....                  (no boots)
Stlth    ++........             E - amulet of regeneration
HPRegen  0.69/turn              G - +3 ring of dexterity
MPRegen  0.20/turn              p - ring of poison resistance

@: blade hands
A: spit acid, unfitting armour, cold-blooded, acid resistance, AC +8
a: Breathe Acid, End Transformation, Minor Destruction, Lesser Servant of
Makhleb, Major Destruction, Greater Servant of Makhleb, Renounce Religion


You were on level 6 of the Lair of Beasts.
You worshipped Makhleb.
Makhleb was extremely pleased with you.
You were near starving.
You had blades for hands.
You visited 3 branches of the dungeon, and saw 17 of its levels.
You also visited: Sewer.

You collected 1363 gold pieces.

Inventory:

Missiles
 a - 331 arrows
Armour
 s - a +0 cloak (worn)
Jewellery
 d - an uncursed ring of protection from cold
 m - an uncursed ring of protection from magic
 p - a ring of poison resistance (right scythe-like blade)
 q - an uncursed ring of fire
 u - a +3 ring of intelligence
 z - an uncursed amulet of guardian spirit
 A - a +3 amulet of reflection
 E - an amulet of regeneration (around neck)
 G - a +3 ring of dexterity (left scythe-like blade)
Wands
 g - a wand of acid (18)
 v - a wand of polymorph (19)
 y - a wand of disintegration (24)
 B - a wand of enslavement (2)
Scrolls
 b - 9 scrolls of remove curse
 e - 3 scrolls of magic mapping
 j - 3 scrolls of amnesia
 o - 2 scrolls of fog
 r - 7 scrolls of teleportation
 t - 3 scrolls of enchant armour
 C - 6 scrolls of identify
 D - 2 scrolls of fear
 I - a scroll of silence {unknown}
Potions
 f - 2 potions of haste
 h - 2 potions of agility
 i - 2 potions of flight
 k - 2 potions of resistance
 l - a potion of brilliance
 n - a potion of lignification
 w - 2 potions of berserk rage
 x - 2 potions of mutation
 H - a potion of curing
 J - a potion of heal wounds
Comestibles
 c - 35 rations


   Skills:
 + Level 10.7 Fighting
 - Level 1.7 Dodging
 + Level 11.7 Unarmed Combat
 + Level 9.2 Spellcasting
 + Level 11.6 Transmutations
 + Level 10.5 Invocations


You had 19 spell levels left.
You knew the following spells:

 Your Spells              Type           Power        Failure   Level  Hunger
a - Beastly Appendage     Tmut           #####.       7%          1    None
b - Sticks to Snakes      Tmut           #####...     8%          2    None
c - Spider Form           Tmut/Pois      ###.......   26%         3    #......
d - Blade Hands           Tmut           #####.....   24%         5    #####..

Your spell library contained the following spells:

 Spells                   Type           Power        Failure   Level  Hunger
 Ice Form                 Ice/Tmut       ###.....     45%         4    ###....
 Petrify                  Tmut/Erth      ###.....     45%         4    ###....
 Animate Skeleton         Necr           N/A          47%         1    None
 Apportation              Tloc           #.....       47%         1    None
 Confusing Touch          Hex            #.....       47%         1    None
 Magic Dart               Conj           #...         47%         1    None
 Summon Small Mammal      Summ           #...         47%         1    None
 Call Imp                 Summ           #.......     56%         2    None
 Searing Ray              Conj           #.....       56%         2    None
 Irradiate                Conj/Tmut      ###.......   69%         5    #####..
 Call Canine Familiar     Summ           #.......     75%         3    #......
 Dazzling Spray           Conj/Hex       #.....       75%         3    #......
 Recall                   Summ/Tloc      N/A          75%         3    #......
 Summon Guardian Golem    Hex/Summ       #.......     75%         3    #......
 Animate Dead             Necr           N/A          96%         4    ###....
 Force Lance              Conj/Tloc      #.......     96%         4    ###....
 Fulminant Prism          Conj/Hex       #.........   96%         4    ###....
 Iskenderun's Mystic Bla  Conj           #.......     96%         4    ###....
 Summon Ice Beast         Ice/Summ       #.......     96%         4    ###....
 Summon Lightning Spire   Summ/Air       #.......     96%         4    ###....
 Borgnjor's Vile Clutch   Necr/Erth      #.........   100%        5    #####..
 Death Channel            Necr           #.........   100%        6    ######.
 Simulacrum               Ice/Necr       #.........   100%        6    ######.


Dungeon Overview and Level Annotations

Branches:
Dungeon (10/15)            Temple (1/1) D:5            Lair (6/6) D:9
 Shoals (0/4) Lair:4        Snake (0/4) Lair:3        Slime (0/5) Lair:6
    Orc: D:9-12

Altars:
Ashenzari
Cheibriados
Dithmenos
Elyvilon
Fedhas
Gozag
Hepliaklqana
Kikubaaqudgha
Makhleb
Nemelex Xobeh
Okawaru
Qazlal
Ru
Sif Muna
Trog
Uskayaw
Vehumet
Wu Jian
Xom
Yredelemnul
Zin
The Shining One
Beogh
Jiyva

Shops:
D:6 %   D:9 %   D:10 }

Annotations:
D:8 3 runed translucent doors, Jaiteiro's ghost, novice TrHu
Lair:3 exclusion: oklob plant
Lair:5 exclusions: door and oklob plant
Lair:6 2 runed translucent doors, exclusions: 2 doors and 4 oklob plants, Borbor's ghost, journeyman DrFE


Innate Abilities, Weirdness & Mutations

You can spit globs of acid.
Your golden yellow scales are hard. (AC +8)
You cannot fit into any form of body armour.
You are cold-blooded and may be slowed by cold attacks.
You are resistant to acid. (rCorr)


Message History

* * * LOW HITPOINT WARNING * * *
You hold your ground!
The dire elephant trunk-slaps you.
* * * LOW HITPOINT WARNING * * *
You hit the dire elephant.
The dire elephant is heavily wounded.
The dire elephant misses you. The dire elephant barely misses you.
You hit the dire elephant.
The dire elephant is heavily wounded.
You slash the dire elephant!
You tail-slap the dire elephant, but do no damage.
You slash the dire elephant!
The dire elephant is severely wounded.
The dire elephant completely misses you.
The dire elephant trunk-slaps you!
* * * LOW HITPOINT WARNING * * *
You slash the dire elephant!
You tail-slap the dire elephant, but do no damage.
The dire elephant is almost dead.
The dire elephant tramples you!!
You die...

### ##### ##.#####
#...###.###.P## #
##..#.#..##.PPP### ######
#.....[.........P###.##.#
#........................
##..#..####..............
##..#########.......P...#.
#.#.# #@..#♣.......#####
#####* #Y..##.......##...
#.♣♣*#...##.......#....
#*♣..*#P..##........#...
#.♣..##...##......##....
*#....'..P#♣......###...
##8#.#####........##...
♣....# #♣...........##
#.##.# ♣.....(........


You could see a dire elephant.

Vanquished Creatures
  A dire elephant (Lair:6)
  A hydra (Lair:6)
  An anaconda (Lair:6)
  A two-headed ogre (D:10)
  An unseen horror (D:10)
  6 elephants
  3 black mambas
  12 spiny frogs
  4 komodo dragons
  2 rime drakes
  Prince Ribbit (D:7)
  2 trolls (D:10)
  3 polar bears (Lair:6)
  4 hippogriffs
  12 dream sheep
  13 blink frogs
  A vampire (D:10)
  37 yaks
  2 wyverns
  3 basilisks
  3 nagas (Lair:3)
  7 water moccasins
  8 porcupines
  6 orc warriors
  Duvessa (D:6)
  2 black bears
  Purgy (Sewer)
  3 ice beasts
  A sky beast (D:8)
  A necrophage (D:9)
  6 ogres
  A phantom (D:5)
  5 wolves (Lair:2)
  15 crocodiles
  7 centaurs
  A big kobold (D:10)
  14 bullfrogs
  Dowan (D:6)
  5 scorpions
  11 killer bees
  4 jellies
  4 wights (D:9)
  6 howler monkeys
  A centaur zombie (D:8)
  5 crimson imps
  2 bullfrog zombies (D:7)
  2 hounds
  4 orc priests
  2 centaur skeletons
  A gnoll shaman (D:5)
  3 iguanas
  3 orc wizards
  11 worker ants
  2 killer bee zombies
  2 hound skeletons
  A worker ant zombie (D:7)
  6 adders
  11 gnolls
  A river rat (D:5)
  A shadow imp (D:5)
  5 oozes (D:10)
  An adder skeleton (D:6)
  An adder zombie (D:7)
  6 worms
  2 dart slugs (D:4)
  8 leopard geckos
  41 orcs
  13 bats
  6 giant cockroaches
  5 goblins
  7 hobgoblins
  5 jackals
  14 kobolds
  5 quokkas
  A ball python (D:1)
  7 frilled lizards
  A leopard gecko skeleton (D:4)
  A quokka skeleton (D:6)
  10 rats
  5 plants
425 creatures vanquished.

Vanquished Creatures (collateral kills)
  An adder (D:3)
  A jackal (D:3)
2 creatures vanquished.

Vanquished Creatures (others)
  2 fungi
  8 plants
10 creatures vanquished.

Grand Total: 437 creatures vanquished

Notes
Turn   | Place    | Note
-------+----------+-------------------------------------------
     0 | D:1      | kae the Draconian Transmuter began the quest for the Orb.
     0 | D:1      | Reached XP level 1. HP: 16/16 MP: 3/3
   221 | D:1      | Reached XP level 2. HP: 21/23 MP: 5/5
   432 | D:1      | Learned a level 2 spell: Sticks to Snakes
   798 | D:2      | Reached XP level 3. HP: 27/28 MP: 6/6
   803 | D:2      | Learned a level 3 spell: Spider Form
  1101 | D:2      | Found an opulent altar of Gozag.
  1745 | D:3      | Found a radiant altar of Vehumet.
  1920 | D:3      | Reached XP level 4. HP: 31/35 MP: 4/7
  2737 | D:4      | Reached XP level 5. HP: 40/40 MP: 4/8
  2882 | D:4      | Reached skill level 5 in Unarmed Combat
  3170 | D:4      | Reached XP level 6. HP: 34/47 MP: 2/9
  3396 | D:4      | Reached skill level 5 in Transmutations
  4139 | D:5      | Entered Level 5 of the Dungeon
  4253 | D:5      | Found a staircase to the Ecumenical Temple.
  4262 | Temple   | Entered the Ecumenical Temple
  4349 | Temple   | Became a worshipper of Makhleb the Destroyer
  4489 | D:5      | Found a glowing drain.
  4497 | Sewer    | Entered a sewer
  4663 | Sewer    | Noticed Purgy
  4674 | Sewer    | Killed Purgy
  4906 | D:5      | Your scales start taking on a golden yellow colour.
  4906 | D:5      | Reached XP level 7. HP: 51/52 MP: 8/10
  4906 | D:5      | Gained mutation: You are resistant to acid. (rCorr) [Yellow
                  | Draconian growth]
  6048 | D:6      | Reached skill level 1 in Invocations
  6048 | D:6      | Reached XP level 8. HP: 32/61 MP: 9/11
  6326 | D:6      | Found a basalt altar of Yredelemnul.
  6361 | D:6      | Noticed Dowan
  6361 | D:6      | Noticed Duvessa
  6389 | D:6      | Killed Duvessa
  6395 | D:6      | Killed Dowan
  6501 | D:6      | Reached * piety under Makhleb
  6549 | D:6      | Found Guceusch's Food Shop.
  7055 | D:7      | Found a bloodstained altar of Trog.
  7298 | D:7      | Found a shadowy altar of Dithmenos.
  7507 | D:7      | Noticed Prince Ribbit
  7529 | D:7      | Killed Prince Ribbit
  7529 | D:7      | Reached XP level 9. HP: 65/71 MP: 8/14
  8214 | D:8      | Reached ** piety under Makhleb
  8279 | D:8      | You fall through a shaft for 2 floors!
  8279 | D:10     | Entered Level 10 of the Dungeon
  8520 | D:8      | Found a runed translucent gate.
  8520 | D:8      | Found a runed translucent gate.
  8521 | D:8      | Found a runed translucent gate.
  8521 | D:8      | Noticed Jaiteiro's ghost (novice TrHu)
  8523 | D:8      | Found a viscous altar of Jiyva.
  8723 | D:8      | Reached skill level 5 in Fighting
  8944 | D:8      | Found a stormy altar of Qazlal.
  9070 | D:8      | Found an ornate altar of the Wu Jian Council.
  9071 | D:8      | Found a deep blue altar of Sif Muna.
  9075 | D:8      | Found a stormy altar of Qazlal.
  9078 | D:8      | Found a shimmering altar of Xom.
  9616 | D:9      | Found a staircase to the Lair.
  9616 | D:9      | Noticed an elephant
  9632 | D:9      | Reached skill level 5 in Invocations
  9736 | D:9      | Killed an elephant
  9736 | D:9      | Reached skill level 5 in Spellcasting
  9736 | D:9      | Reached XP level 10. HP: 78/83 MP: 11/17
  9855 | D:9      | Found an iron altar of Okawaru.
  9870 | D:9      | Found a hide-covered altar of Uskayaw.
  9953 | D:9      | Found a snail-covered altar of Cheibriados.
 10163 | D:9      | Found Huegikan's Food Emporium.
 10211 | D:9      | Found a glowing golden altar of the Shining One.
 10780 | D:9      | Learned a level 5 spell: Blade Hands
 11058 | D:10     | Reached *** piety under Makhleb
 11114 | D:10     | Noticed a two-headed ogre
 11121 | D:10     | Killed a two-headed ogre
 11260 | D:10     | Found a roughly hewn altar of Beogh.
 11679 | D:10     | Found Nehenacits's Gadget Shoppe.
 11735 | D:10     | Killed an unseen horror
 11938 | D:10     | Reached XP level 11. HP: 91/91 MP: 13/20
 12037 | D:10     | Reached **** piety under Makhleb
 12288 | Lair:1   | Entered Level 1 of the Lair of Beasts
 12632 | Lair:1   | HP: 2/92 [black mamba (7)]
 13903 | Lair:2   | Reached skill level 10 in Unarmed Combat
 14489 | Lair:2   | Identified the Volume of Changing
 15364 | Lair:2   | Reached skill level 10 in Transmutations
 16904 | Lair:3   | Noticed an oklob plant
 16983 | Lair:3   | Found a staircase to the Snake Pit.
 16985 | Lair:3   | Reached XP level 12. HP: 84/103 MP: 14/23
 17101 | Lair:3   | You fall through a shaft for 3 floors!
 17101 | Lair:6   | Entered Level 6 of the Lair of Beasts
 17703 | Lair:4   | Reached ***** piety under Makhleb
 18172 | Lair:4   | Found a staircase to the Shoals.
 18674 | Lair:5   | Reached skill level 10 in Fighting
 18907 | Lair:5   | Reached skill level 10 in Invocations
 18907 | Lair:5   | Reached XP level 13. HP: 109/113 MP: 19/25
 20150 | Lair:6   | Found a runed translucent door.
 20172 | Lair:6   | Found a sacrificial altar of Ru.
 20390 | Lair:6   | Found a runed translucent door.
 20390 | Lair:6   | Found a viscous altar of Jiyva.
 20390 | Lair:6   | Found a staircase to the Slime Pits.
 20390 | Lair:6   | Noticed an acid blob
 20391 | Lair:6   | Noticed an acid blob
 20391 | Lair:6   | Noticed an acid blob
 20910 | Lair:6   | Noticed Borbor's ghost (journeyman DrFE)
 21005 | Lair:6   | Noticed a dire elephant
 21014 | Lair:6   | Killed a dire elephant
 21036 | Lair:6   | Noticed a dire elephant
 21036 | Lair:6   | Noticed a dire elephant
 21121 | Lair:6   | Noticed a dire elephant
 21139 | Lair:6   | Slain by a dire elephant

Skill      XL: |  1  2  3  4  5  6  7  8  9 10 11 12 13 |
---------------+----------------------------------------+-----
Transmutations | 3 4 5 6 7 8 9 10 11 | 11.6
Unarmed Combat | 4 5 6 7 8 9 10 11 | 11.7
Invocations    | 1 3 5 7 8 10 | 10.5
Fighting       | 3 5 7 8 10 | 10.7
Spellcasting   | 3 5 6 7 8 9 |  9.2
Dodging        | |  1.7

Action                   |  1- 3 |  4- 6 |  7- 9 | 10-12 | 13-15 || total
-------------------------+-------+-------+-------+-------+-------++-------
Melee: Unarmed           |   139 |   259 |   404 |   649 |   169 ||  1620
       Tailslap          |    13 |    17 |    21 |    82 |    37 ||   170
       Kick              |     5 |     3 |     5 |     3 |       ||    16
       Headbutt          |     3 |     4 |       |       |       ||     7
       Punch             |     2 |     2 |     8 |    25 |    16 ||    53
 Cast: Beastly Appendage |    12 |     9 |     1 |     2 |       ||    24
       Sticks to Snakes  |     1 |     1 |     4 |       |     1 ||     7
       Spider Form       |       |    11 |    24 |     5 |     1 ||    41
       Blade Hands       |       |       |       |    44 |     8 ||    52
 Abil: Breathe Acid      |       |       |    10 |     4 |     1 ||    15
Evoke: Wand              |       |       |       |     1 |     3 ||     4
  Use: Scroll            |       |    13 |     9 |    11 |     1 ||    34
       Potion            |       |     1 |     1 |     9 |       ||    11
 Stab: Sleeping          |     3 |     2 |       |       |       ||     5
       Distracted        |       |       |       |       |     2 ||     2
  Eat: Chunk             |     3 |    11 |    21 |    28 |     8 ||    71
       Ration            |       |       |       |     5 |       ||     5
Armor: Skin              |    49 |    76 |    56 |   145 |    28 ||   354
Dodge: Dodged            |   105 |   214 |   268 |   365 |    57 ||  1009
